 Dungeon Crawl Stone Soup version 0.29.1-12-g30fa7ad0bf (webtiles) character file.

Game seed: 273770946048387712

750 FaviusArthum the Magician (level 7, -13/36 HPs)
             Began as a Deep Elf Conjurer on Jan 15, 2023.
             Killed by divine providence
             ... invoked by an orc priest
              (20 damage)
             ... on level 5 of the Dungeon.
             The game lasted 00:22:11 (7823 turns).

FaviusArthum the Magician (Deep Elf Conjurer)       Turns: 7823, Time: 00:22:11

Health: -13/36     AC:  2    Str:  4    XL:     7   Next: 48%
Magic:  5/19       EV: 16    Int: 28    God:
Gold:   287        SH:  0    Dex: 13    Spells: 13/20 levels left

rFire   . . .      SeeInvis .   f - +0 hand axe
rCold   . . .      Faith    .   (no shield)
rNeg    . . .      Spirit   .   s - +0 robe of Divine Happiness {Harm Int+3}
rPois   .          Reflect  .   (no helmet)
rElec   .          Harm     +   (no cloak)
rCorr   .          Rampage  .   (no gloves)
Will    .....                   (no boots)
Stlth   +++.......              (no amulet)
HPRegen 0.12/turn               i - +4 ring of evasion
MPRegen 0.16/turn               (no ring)

@: about to teleport
A: no striking features
a: no special abilities


You were on level 5 of the Dungeon.
You visited 1 branch of the dungeon, and saw 5 of its levels.

You collected 287 gold pieces.

Inventory:

Hand Weapons
 f - a +0 hand axe (weapon)
 y - a +0 giant club
 B - a +0 morningstar
Missiles
 p - 8 poisoned darts
Armour
 a - a +0 robe
 s - the +0 robe of Divine Happiness (worn) {Harm Int+3}
   (You found it on level 3 of the Dungeon)

   Int:       It affects your intelligence (+3).
   Harm:      It increases damage dealt and taken.
Jewellery
 h - an amulet of guardian spirit
 i - a +4 ring of evasion (left hand)
 v - a ring of see invisible
Wands
 w - a wand of quicksilver (7)
Scrolls
 c - a scroll of summoning
 e - 2 scrolls of noise
 g - 2 scrolls of vulnerability {unknown}
 j - 2 scrolls of teleportation
 k - 2 scrolls of immolation
 m - a scroll of enchant armour
 n - 2 scrolls of poison {unknown}
 o - a scroll of identify
 r - a scroll of brand weapon {unknown}
 t - a scroll of enchant weapon {unknown}
Potions
 b - 2 potions of cancellation {unknown}
 d - 2 potions of might {unknown}
 l - a potion of lignification {unknown}
 q - 2 potions of berserk rage {unknown}
 u - a potion of haste {unknown}
 x - a potion of degeneration {unknown}
 z - a potion of mutation {unknown}
 A - 2 potions of heal wounds {unknown}
 C - a potion of resistance {unknown}


   Skills:
 + Level 0.2 Fighting
 + Level 2.7 Dodging
 + Level 4.1 Stealth
 + Level 7.4 Spellcasting
 + Level 7.0 Conjurations
 * Level 3.7 Hexes


You had 13 spell levels left.
You knew the following spells:

 Your Spells              Type           Power      Damage    Failure   Level
a - Magic Dart            Conj           100%       1d8       1%          1
b - Searing Ray           Conj           98%        2d8       1%          2
c - Fulminant Prism       Conj/Hex       20%        3d13      6%          4

Your spell library contained the following spells:

 Spells                   Type           Power      Damage    Failure   Level
 Dazzling Flash           Conj/Hex       80%        N/A       1%          3
 Sublimation of Blood     Necr           10%        N/A       8%          2
 Wereblood                Tmut           10%        N/A       8%          2
 Iskenderun's Mystic Bla  Conj/Tloc      30%        2d8       12%         4
 Summon Hydra             Summ           5%         N/A       100%        7


Dungeon Overview and Level Annotations

Branches:
Dungeon (5/15)
 Temple: D:4-7

Altars:
Okawaru
Ru

Shops:
D:1 (*


Message History

Casting: Searing Ray (safe; 1% risk of failure)
Confirm with . or Enter, or press ? or * to list all spells.
Restarting spell: Searing Ray (safe; 1% risk of failure)
Press: ? - help, Shift-Dir - straight line, f/p - orc wizard
Aim: an orc wizard, wielding a +0 dagger and wearing a +0 robe (almost dead, 79% to hit)
The searing ray hits the orc wizard!
You kill the orc wizard! (Press . to maintain the ray.)
Your Conjurations skill increases to level 7!
You start resting.
An orc priest comes into view. It is wielding a +4 trident.
An orc priest is nearby!
Casting: Searing Ray (safe; 1% risk of failure)
Confirm with . or Enter, or press ? or * to list all spells.
Aiming: Magic Dart (safe; 1% risk of failure)
Press: ? - help, Shift-Dir - straight line, f - orc priest
Aim: an orc priest, wielding a +4 trident and wearing a +0 leather armour (100% to hit)
The magic dart hits the orc priest.
The orc priest is moderately wounded.
The orc priest invokes the aid of Beogh against you.
Pain shoots through your body!
Casting: Magic Dart (safe; 1% risk of failure)
Confirm with . or Enter, or press ? or * to list all spells.
Aiming: Magic Dart (safe; 1% risk of failure)
Press: ? - help, Shift-Dir - straight line, f/p - orc priest
Aim: an orc priest, wielding a +4 trident and wearing a +0 leather armour (moderately wounded, 100% to hit)
The magic dart hits the orc priest.
The orc priest is heavily wounded.
The orc priest calls down the wrath of Beogh upon you.
Pain shoots through your body!
An orc priest is nearby!
The orc priest invokes the aid of Beogh against you.
Beogh smites you!
* * * LOW HITPOINT WARNING * * *
As you read the scroll of teleportation, it crumbles to dust.
You feel strangely unstable.
The orc priest mumbles some strange prayers to Beogh against you.
Beogh smites you!
Ouch! That really hurt!
You die...

.............# #......#
.............# #......#
.............# #......#
..)..........# #......##
.............# #........
.............## #......#
.†............######......#
....................o.....#
.......########.@###........
......## ##.# ###)####.
......... #.# )# #####....
... o# ## #... ##.# # .# ...
.# .# .# .# .# .#


You could see an orc priest.

Vanquished Creatures
  A black bear (D:4)
  An ogre (D:4)
  A kobold brigand (D:4)
  A necrophage (D:5)
  3 hounds
  An orc priest (D:4)
  Jessica (D:3)
  2 iguanas
  An orc wizard (D:5)
  3 gnolls (D:3)
  6 adders
  A white imp (D:3)
  3 worms (D:2)
  4 dart slugs
  9 orcs
  6 endoplasms
  2 giant cockroaches
  15 hobgoblins
  3 jackals (D:3)
  8 quokkas
  5 ball pythons
  6 bats
  7 frilled lizards
  6 goblins
  16 kobolds
  9 rats
121 creatures vanquished.

Vanquished Creatures (others)
  6 plants (D:4)
6 creatures vanquished.

Grand Total: 127 creatures vanquished

Notes
Turn   | Place    | Note
-------+----------+-------------------------------------------
     0 | D:1      | FaviusArthum the Deep Elf Conjurer began the quest for the
                  | Orb.
     0 | D:1      | Reached XP level 1. HP: 10/10 MP: 6/6
   443 | D:1      | Reached XP level 2. HP: 15/15 MP: 0/8
   795 | D:1      | Learned a level 2 spell: Searing Ray
   898 | D:1      | Found Yxkolek's Assorted Antiques.
   913 | D:1      | Reached skill level 5 in Conjurations
  1389 | D:1      | Found Xet Muse's Weapon Boutique.
  1409 | D:1      | Reached XP level 3. HP: 19/19 MP: 6/10
  2740 | D:2      | Reached XP level 4. HP: 24/24 MP: 9/12
  2745 | D:2      | Learned a level 4 spell: Fulminant Prism
  3455 | D:3      | Noticed Jessica
  3459 | D:3      | Killed Jessica
  3460 | D:3      | Reached skill level 1 in Hexes
  3686 | D:3      | Reached XP level 5. HP: 28/28 MP: 11/13
  4627 | D:3      | Found a sacrificial altar of Ru.
  4790 | D:3      | Identified the +0 robe of Divine Happiness {Harm Int+3}
  5046 | D:4      | Reached skill level 5 in Spellcasting
  5310 | D:4      | Noticed a black bear
  5825 | D:4      | Noticed an ogre
  5919 | D:4      | Killed a black bear
  5920 | D:4      | Reached XP level 6. HP: 32/32 MP: 9/16
  6806 | D:4      | Reached XP level 7. HP: 36/36 MP: 11/19
  7427 | D:5      | Entered Level 5 of the Dungeon
  7438 | D:5      | Found an iron altar of Okawaru.
  7823 | D:5      | Killed from afar by an orc priest

Illustrated notes

Levels and vault maps discovered:
D:1:      moated_graveyard_arrival, layout_loops_ring, serial_shops,
          nicolae_shop_trees, nicolae_shop_competitors_out_of_business
D:2:      layout_basic
D:3:      layout_basic, nicolae_ru_the_path_less_chosen, hex_tiny,
          minmay_misc_feat_alley, nicolae_eternal_life, st_stairs_7,
          kennysheep_jessica_study
D:4:      layout_loops_ring, lexackson_kobold_supper
D:5:      layout_rooms, okawaru_trees_1

Skill      XL: |  1  2  3  4  5  6  7 |
---------------+----------------------+-----
Conjurations   | 5 6 7 |  7.0
Spellcasting   | 4 5 6 7 |  7.4
Hexes          | 1 2 3 |  3.7
Stealth        | 3 4 |  4.1
Fighting       | |  0.2
Dodging        | |  2.7

Action                   |  1- 3 |  4- 6 |  7- 9 || total
-------------------------+-------+-------+-------++-------
Melee: Hand axe          |       |    28 |       ||    28
Throw: Throwing net      |       |     1 |       ||     1
 Cast: Magic Dart        |    80 |    91 |    23 ||   194
       Searing Ray       |    12 |    36 |    19 ||    67
  Use: Potion            |     1 |       |       ||     1
       Scroll            |     2 |     4 |     1 ||     7
Armor: Robe              |     4 |     2 |       ||     6
Dodge: Dodged            |     6 |     8 |     2 ||    16
